 Dungeon Crawl Stone Soup version 0.26-a0-683-g5206c1d7ac (webtiles) character file.

Game seed: 12259730087930844796

304 DogServant the Firebug (level 6, -7/37 HPs)
             Began as a Tengu Fire Elementalist on Oct 22, 2020.
             Mangled by an orc priest
             ... wielding a +0 war axe
              (9 damage)
             ... on level 3 of the Dungeon.
             The game lasted 00:05:02 (3313 turns).

DogServant the Firebug (Tengu Fire Elementalist)    Turns: 3313, Time: 00:05:03

Health: -7/37      AC:  2    Str:  9    XL:     6   Next: 38%
Magic:  0/10       EV: 12    Int: 17    God:
Gold:   164        SH:  0    Dex: 14    Spells: 5/9 levels left

rFire    . . .     SeeInvis .   r - +1 long sword (vorpal)
rCold    . . .     Faith    .   (no shield)
rNeg     . . .     Spirit   .   a - +0 robe
rPois    .         Reflect  .   (helmet restricted)
rElec    .         Harm     .   (no cloak)
rCorr    .         Rampage  .   (no gloves)
MR       .....                  (boots unavailable)
Stlth    ++........             (no amulet)
HPRegen  0.12/turn              (no ring)
MPRegen  0.12/turn              (no ring)

@: no status effects
A: beak, talons 3, able to fly
a: Fly


You were on level 3 of the Dungeon.
You visited 1 branch of the dungeon, and saw 3 of its levels.

You collected 164 gold pieces.

Inventory:

Hand Weapons
 r - a +1 vorpal long sword (weapon)
Missiles
 e - 18 poisoned darts (quivered)
Armour
 a - a +0 robe (worn)
Jewellery
 h - an uncursed amulet of the acrobat
 p - a +6 ring of dexterity
Scrolls
 b - a scroll of magic mapping {unknown}
 d - 3 scrolls of teleportation
 g - a scroll of fear {unknown}
 i - 2 scrolls of immolation {unknown}
 k - a scroll of fog {unknown}
 l - 2 scrolls of blinking {unknown}
 m - a scroll of remove curse {unknown}
 q - a scroll of enchant weapon {unknown}
Potions
 c - 4 potions of heal wounds {unknown}
 f - 2 potions of ambrosia {unknown}
 j - a potion of flight {unknown}
 n - 2 potions of resistance {unknown}
 o - a potion of haste {unknown}


   Skills:
 + Level 3.0 Fighting
 - Level 2.1 Dodging
 - Level 2.0 Stealth
 - Level 2.0 Spellcasting
 - Level 4.0 Conjurations
 + Level 5.8 Fire Magic


You had 5 spell levels left.
You knew the following spells:

 Your Spells              Type           Power        Failure   Level
a - Foxfire               Conj/Fire      ###.         2%          1
b - Conjure Flame         Conj/Fire      ###.....     8%          3

Your spell library contained the following spells:

 Spells                   Type           Power        Failure   Level
 Inner Flame              Hex/Fire       ##......     17%         3
 Sticky Flame             Conj/Fire      ###.....     26%         4
 Fireball                 Conj/Fire      ###.......   56%         5


Dungeon Overview and Level Annotations

Branches:
Dungeon (3/15)

Altars:
Nemelex Xobeh
Xom


Innate Abilities, Weirdness & Mutations

You have a beak for a mouth.
You have claws for feet.
You can fly continuously.


Message History

Casting: Foxfire (safe; 2% risk of failure)
Confirm with . or Enter, or press ? or * to list all spells.
You don't have enough magic to cast that spell.
The orc priest hits you with a +0 war axe.
The orc hits you with a +0 short sword.
You barely miss the orc priest.
The orc priest is severely wounded.
The orc priest hits you with a +0 war axe.
The orc barely misses you.
You hit the orc priest but do no damage.
The orc priest is severely wounded.
The orc priest hits you with a +0 war axe!
* * * LOW HITPOINT WARNING * * *
The orc hits you with a +0 short sword!
* * * LOW HITPOINT WARNING * * *
Casting: Foxfire (safe; 2% risk of failure)
Confirm with . or Enter, or press ? or * to list all spells.
You conjure some foxfire!
The orc priest hits you with a +0 war axe!
You die...

#.# ## #.# .. #.# (..
#.# .... #.# ..... #.#
..<...###.##############
......o.....)).o.......#
....)o########.o@....#
..... ........v.v...#
..o. .........)....#


#oo ................. .# ..........$...### ..............# ..........#####
..........# You could see an orc priest and an orc.

Vanquished Creatures
  Sigmund (D:2)
  4 gnolls (D:2)
  4 adders (D:2)
  2 worms (D:2)
  3 dart slugs
  6 orcs
  7 bats
  A giant cockroach (D:1)
  8 goblins
  3 hobgoblins
  2 jackals (D:2)
  12 kobolds
  2 ball pythons
  2 frilled lizards (D:1)
  9 rats
66 creatures vanquished.

Vanquished Creatures (others)
  223 foxfires
223 creatures vanquished.

Grand Total: 289 creatures vanquished

Notes
Turn   | Place    | Note
-------+----------+-------------------------------------------
     0 | D:1      | DogServant the Tengu Fire Elementalist began the quest for
                  | the Orb.
     0 | D:1      | Reached XP level 1. HP: 10/10 MP: 4/4
   145 | D:1      | Reached XP level 2. HP: 15/15 MP: 3/6
   693 | D:1      | Reached XP level 3. HP: 18/19 MP: 3/7
   693 | D:1      | Reached skill level 4 in Fire Magic
  1502 | D:2      | Found a sparkling altar of Nemelex Xobeh.
  1705 | D:2      | Reached XP level 4. HP: 21/24 MP: 3/8
  1960 | D:2      | Learned a level 3 spell: Conjure Flame
  2423 | D:2      | Noticed Sigmund
  2665 | D:2      | Reached skill level 1 in Fighting
  2665 | D:2      | Gained mutation: You can fly continuously. [Tengu growth]
  2665 | D:2      | Reached XP level 5. HP: 29/29 MP: 1/9
  2712 | D:2      | Reached skill level 5 in Fire Magic
  2992 | D:2      | Found a shimmering altar of Xom.
  3057 | D:2      | Killed Sigmund
  3057 | D:2      | Reached XP level 6. HP: 30/36 MP: 3/10
  3313 | D:3      | Mangled by an orc priest

Illustrated notes

Levels and vault maps discovered:
D:1:      ncdulo_halloftheorcs, layout_loops_cross, minmay_tall_x
D:2:      layout_loops_ring, tgw_xom, chequers_serial_rivers_marsh,
          minivault_27, lemuel_tele_altar, uniq_sigmund
D:3:      layout_basic, chequers_ecumenical_altar_simple_redux,
          grunt_ministairs_7

Skill      XL: |  1  2  3  4  5  6 |
---------------+-------------------+-----
Conjurations   | 2 3 4 |  4.0
Fire Magic     | 4 5 |  5.8
Fighting       | 1 2 3 |  3.0
Dodging        | |  2.1
Stealth        | |  2.0
Spellcasting   | |  2.0

Action                   |  1- 3 |  4- 6 || total
-------------------------+-------+-------++-------
Melee: Long sword        |       |     2 ||     2
 Cast: Foxfire           |    71 |    76 ||   147
       Conjure Flame     |       |     1 ||     1
  Use: Scroll            |       |     1 ||     1
Armor: Robe              |     1 |     3 ||     4
Dodge: Dodged            |    19 |    23 ||    42
       Rpst.: Long sword |       |     1 ||     1

Table legend: (Time is in decaauts)
 A = Elapsed time spent in this place.
 B = Non-inter-level travel time spent in this place.
 C = Inter-level travel time spent in this place.
 D = Time resting spent in this place.
 E = Time spent auto-exploring this place.
 F = Levels seen in this place.
 G = Mean time per level.
                   A        B        C        D        E       F      G
               +--------+--------+--------+--------+--------+-----+--------+
         Total |   3318 |   3247 |     71 |    728 |   2039 |   3 | 1106.0 |
       Dungeon |   3318 |   3247 |     71 |    728 |   2039 |   3 | 1106.0 |
               +--------+--------+--------+--------+--------+-----+--------+

Top non-repeatable levels by time:
     D:2: 1735 daAuts
     D:1: 1491 daAuts
     D:3: 92 daAuts
